 Dungeon Crawl Stone Soup version 0.30.0-17-ge0270778cf (webtiles) character file.

Game seed: 4147269904969906495

2624 sampeng1 the Fighter (level 9, -3/81 HPs)
             Began as a Hill Orc Fighter on May 22, 2023.
             Was a Believer of Beogh.
             Slain by an orc warrior
             ... wielding a +0 glaive
              (13 damage)
             ... on level 7 of the Dungeon.
             The game lasted 00:26:38 (5809 turns).

sampeng1 the Fighter (Hill Orc Fighter)             Turns: 5809, Time: 00:26:38

Health: -3/81      AC: 19    Str: 20 (23) XL:     9   Next: 60%
Magic:  9/9        EV:  6    Int:  6 (8)  God:    Beogh [**....]
Gold:   288        SH:  5    Dex:  8 (10) Spells: 8/8 levels left

rFire   + . .        g - +11 Singing Sword {sonic wave}
rCold   x . .        c - +0 buckler
rNeg    . . .        v - +0 plate armour
rPois   .            (no helmet)
rElec   .            d - +1 cloak
rCorr   .            e - +2 pair of gloves
SInv    .            (no boots)
Will    .....        z - amulet of magic regeneration Stlth
                     b - ring of fire
HPRegen 0.33/turn    (no ring)
MPRegen 0.51/turn

%: no passive effects
@: no status effects
A: no striking features
a: Renounce Religion, Smiting


You were on level 7 of the Dungeon.
You worshipped Beogh.
Beogh was pleased with you.
You visited 1 branch of the dungeon, and saw 7 of its levels.

You collected 312 gold pieces.
You spent 24 gold pieces at shops.

Inventory:

Hand Weapons
 a - a +2 war axe
 g - the +11 Singing Sword (weapon) {sonic wave}
   (You found it on level 4 of the Dungeon)
 i - a +0 sling
 j - the +7 hammer of the Unspeakable One {pain, Str+5}
   (You found it on level 3 of the Dungeon)

   Str:       It affects your strength (+5).
Missiles
 m - 43 stones (quivered)
 p - 10 poisoned darts
Armour
 c - a +0 buckler (worn)
 d - a +1 cloak (worn)
 e - a +2 pair of gloves (worn)
 q - the +0 troll leather armour of Insecurity {Regen+ Str+3}
   (You found it on level 5 of the Dungeon)

   Str:       It affects your strength (+3).
   Regen:     It increases your rate of health regeneration.
 v - a +0 plate armour (worn)
Jewellery
 b - a ring of fire (left hand)
 z - an amulet of magic regeneration (around neck)
Wands
 r - a wand of light (1)
 x - a wand of paralysis (10)
Scrolls
 f - 2 scrolls of immolation
 k - a scroll of vulnerability
 s - a scroll of fear
Potions
 h - 5 potions of flight
 l - a potion of haste
 n - a potion of lignification
 o - 2 potions of degeneration
 t - a potion of brilliance
 u - a potion of mutation {unknown}
 w - 2 potions of heal wounds


   Skills:
 + Level 8.0 Fighting
 + Level 3.3 Long Blades
 - Level 7.1 Axes
 + Level 7.4 Armour
 + Level 7.4 Shields
 - Level 3.8 Necromancy


You had 8 spell levels left.
You didn't know any spells.
Your spell library contained the following spells:

 Spells                   Type           Power      Damage    Failure   Level
 Sublimation of Blood     Necr           4%         N/A       99%         2
 Sandblast                Erth           0%         2d4       100%        1
 Ensorcelled Hibernation  Hex/Ice        0%         N/A       100%        2
 Lesser Beckoning         Tloc           0%         N/A       100%        2
 Passwall                 Tmut/Erth      0%         N/A       100%        2
 Gell's Gravitas          Tloc           0%         N/A       100%        3
 Spider Form              Tmut/Pois      0%         N/A       100%        3
 Stone Arrow              Conj/Erth      0%         3d7       100%        3
 Teleport Other           Tloc           0%         N/A       100%        3
 Anguish                  Hex/Necr       1%         N/A       100%        4
 Petrify                  Tmut/Erth      0%         N/A       100%        4
 Irradiate                Conj/Tmut      0%         3d11      100%        5
 Dispersal                Tloc           0%         N/A       100%        6


Dungeon Overview and Level Annotations

Branches:
Dungeon (7/15)             Temple (0/1) D:7

Altars:
Dithmenos
Elyvilon
Fedhas
Makhleb
Ru
Trog
Vehumet
Xom
Yredelemnul
Zin
The Shining One

Shops:
D:4 (   D:6 ![[**!*(*   D:7 :*


Message History

You completely miss the orc warrior.
The orc warrior is severely wounded.
Something hits you but does no damage. x2
The orc warrior hits you with a +0 glaive!
The orc hits you but does no damage.
You hit the orc warrior but do no damage.
The orc warrior is severely wounded.
Something hits you but does no damage. x2
The orc warrior hits you with a +0 glaive.
The orc completely misses you.
You hit something.
Something hits you but does no damage. x2
The orc warrior hits you but does no damage.
You block the orc's attack. You block the orc warrior's attack.
The orc hits you but does no damage. Something hits you but does no damage.
You hear some strange, mumbled words.
A puff of flame appears from out of thin air!
The puff of flame hits you but does no damage.
You slash something!
The Singing Sword imitates a saxophone.
You send a blast of sound all around you.
The orc warrior is severely wounded.
Beogh accepts your kill.
Reactivating autopickup.
You feel a bit more experienced.
You kill the orc!
Beogh accepts your kill.
The orc warrior hits you with a +0 glaive.
* * * LOW HITPOINT WARNING * * *
You hear some strange, mumbled words.
A magic dart appears from out of thin air!
Deactivating autopickup; reactivate with Ctrl-A.
The magic dart hits you but does no damage.
You miss something.
The orc warrior hits you with a +0 glaive!
* * * LOW HITPOINT WARNING * * *
Something hits you but does no damage.
You miss something.
The orc warrior hits you with a +0 glaive!
You die...
Beogh appreciates the orc warrior's killing of a heretic priest.

.........#.######.#
.........#..#.....#
............#.#####
........#####.################
.<............................
.#####################.#######
.######## +..>..∩..'.#
..>...).#...####)'######
#######.#......{@.#
#.#......o))# #.#.........#
#.#.........+ #.#.........#
#.########### #...†......#
+..........# ##
#..........######


You could see an orc warrior.

Vanquished Creatures
  Sigmund (D:2)
  Eustachio (D:5)
  A water moccasin (D:6)
  An orc warrior (D:7)
  2 black bears (D:6)
  An ice beast (D:5)
  2 ogres
  2 centaurs
  2 bullfrogs (D:7)
  9 scorpions
  2 howler monkeys (D:6)
  An electric eel (D:6)
  A jelly (D:6)
  4 hounds
  An orc priest (D:7)
  Crazy Yiuf (D:3)
  An iguana (D:7)
  2 sleepcaps (D:6)
  9 orc wizards
  A hound zombie (D:3)
  12 adders
  A shadow imp (D:5)
  2 worms
  4 dart slugs
  18 orcs
  7 endoplasms
  4 giant cockroaches
  6 goblins
  6 hobgoblins
  3 quokkas
  5 ball pythons
  A ball python skeleton (D:3)
  8 bats
  3 frilled lizards (D:2)
  3 kobolds
  A quokka skeleton (D:3)
  5 rats
  A butterfly (D:3)
135 creatures vanquished.

Vanquished Creatures (others)
  A wizard (D:7)
  An endoplasm (D:3)
  A butterfly (D:3)
3 creatures vanquished.

Grand Total: 138 creatures vanquished

Notes
Turn   | Place    | Note
-------+----------+-------------------------------------------
     0 | D:1      | sampeng1 the Hill Orc Fighter began the quest for the Orb.
     0 | D:1      | Reached XP level 1. HP: 19/19 MP: 1/1
   232 | D:1      | Reached XP level 2. HP: 27/27 MP: 2/2
  1014 | D:2      | Reached skill level 4 in Fighting
  1014 | D:2      | Found a faded altar of an unknown god.
  1020 | D:2      | Reached XP level 3. HP: 16/33 MP: 3/3
  1403 | D:2      | Found a basalt altar of Yredelemnul.
  1462 | D:2      | Reached XP level 4. HP: 37/40 MP: 4/4
  1522 | D:2      | Noticed Sigmund
  1545 | D:2      | Killed Sigmund
  1546 | D:2      | Reached skill level 5 in Fighting
  1546 | D:2      | Reached XP level 5. HP: 18/48 MP: 5/5
  1546 | D:2      | Reached XP level 6. HP: 21/56 MP: 6/6
  1961 | D:3      | Found a runed translucent door.
  1962 | D:3      | Noticed Crazy Yiuf
  1968 | D:3      | Killed Crazy Yiuf
  1978 | D:3      | Identified the +7 hammer of the Unspeakable One {pain,
                  | Str+5}
  2024 | D:3      | Found a shadowy altar of Dithmenos.
  2137 | D:3      | Found a shimmering altar of Xom.
  2231 | D:3      | Became a worshipper of Beogh the Brigand
  2614 | D:3      | Found a white marble altar of Elyvilon.
  2614 | D:3      | Found a glowing golden altar of the Shining One.
  2614 | D:3      | Found a glowing silver altar of Zin.
  2739 | D:4      | Reached skill level 5 in Axes
  2739 | D:4      | Reached skill level 1 in Necromancy
  2755 | D:4      | Reached skill level 5 in Armour
  2755 | D:4      | Reached skill level 5 in Shields
  2755 | D:4      | Reached XP level 7. HP: 38/61 MP: 7/7
  2948 | D:4      | Found a burning altar of Makhleb.
  3079 | D:4      | Found Zytokyesu's Weapon Shop.
  3356 | D:4      | You fall into a shaft and drop 3 floors!
  3387 | D:6      | Found Noto's General Store.
  3393 | D:6      | Bought a scroll of identify for 24 gold pieces
  3446 | D:6      | Found Necompoj's Assorted Antiques.
  3447 | D:6      | Found Isukeud's Antique Armour Shoppe.
  3448 | D:6      | Found Akhlafes's Armour Emporium.
  3494 | D:6      | Reached skill level 6 in Fighting
  3498 | D:6      | Reached XP level 8. HP: 17/70 MP: 8/8
  3500 | D:6      | Reached * piety under Beogh
  3508 | D:5      | Entered Level 5 of the Dungeon
  3508 | D:5      | Found a blossoming altar of Fedhas.
  3886 | D:4      | Found the +11 Singing Sword {sonic wave}
  4175 | D:5      | Noticed Eustachio
  4188 | D:5      | Killed Eustachio
  4233 | D:5      | Found a radiant altar of Vehumet.
  4246 | D:5      | Reached skill level 7 in Fighting
  4374 | D:5      | Identified the +0 troll leather armour of Insecurity
                  | {Regen+ Str+3}
  4408 | D:5      | Reached XP level 9. HP: 79/79 MP: 9/9
  4413 | D:5      | Reached skill level 1 in Long Blades
  4748 | D:6      | Found Xuz Tall's Assorted Antiques.
  4750 | D:6      | Found Welaviw's General Store.
  4772 | D:6      | Found Zaacvionn's Distillery.
  4772 | D:6      | Found Veyfuick's Weapon Shop.
  4876 | D:6      | Found Suradait's Distillery.
  4993 | D:6      | Found a sacrificial altar of Ru.
  5000 | D:6      | Reached ** piety under Beogh
  5300 | D:7      | Found Noav's Book Shoppe.
  5330 | D:7      | Found a bloodstained altar of Trog.
  5333 | D:7      | Noticed a wizard
  5338 | D:7      | Killed a wizard
  5470 | D:7      | Found a staircase to the Ecumenical Temple.
  5709 | D:7      | Reached skill level 8 in Fighting
  5790 | D:7      | Found Ygosoepla's General Store.
  5809 | D:7      | Slain by an orc warrior

Illustrated notes

Levels and vault maps discovered:
D:1:      minmay_arrival_three_doors, layout_loops_corners
D:2:      layout_loops_ring, basic_altar, basic_ecumenical_altar,
          kennysheep_generic_room_11, uniq_sigmund
D:3:      layout_loops_ring, good_gods_mini_temple, grunt_dithmenos_smoke,
          xom_butterflies, serial_undead, serial_undead_d, serial_undead_c,
          serial_undead_f, serial_undead_d, hex_medium, item_on_display_a,
          uniq_crazy_yiuf_cottage
D:4:      old_forge, layout_loops_cross, makhleb_heckhound_becter, serial_shops,
          nicolae_shop_window_shopping
D:5:      layout_basic, nicolae_vehumet_radiance, fedhas_altar_4,
          minmay_a_box_with_orc_wizards_in_it, uniq_eustachio
D:6:      black_bear_nest_1, layout_rooms, mainiacjoe_overflow_surrounded_room,
          serial_shops, nicolae_shop_trees, shop, nicolae_shop_trees, shop,
          shop, nicolae_wooded_promenade, dk_noncrumbling_4
D:7:      layout_basic, trog_wizard, temple_doors_e, serial_shops,
          nicolae_shop_hallway_stairs, nicolae_book_shop_shelving

Skill      XL: |  1  2  3  4  5  6  7  8  9 |
---------------+----------------------------+-----
Axes           | 3 4 5 6 7 |  7.1
Fighting       | 4 5 6 7 8 |  8.0
Armour         | 4 5 6 7 |  7.4
Shields        | 4 5 6 7 |  7.4
Necromancy     | 1 2 3 |  3.8
Long Blades    | 3 |  3.3

Action                     |  1- 3 |  4- 6 |  7- 9 || total
---------------------------+-------+-------+-------++-------
  Melee: War axe           |    91 |    35 |       ||   126
         Mace              |       |    51 |   100 ||   151
         Double sword      |       |       |   101 ||   101
 Invoke: Convert to Beogh  |       |     1 |       ||     1
    Use: Scroll            |       |     6 |     8 ||    14
         Potion            |       |     1 |     6 ||     7
 Armour: Scale mail        |    48 |    40 |   109 ||   197
         Troll leather arm |       |       |    25 ||    25
         Plate armour      |       |       |    37 ||    37
  Dodge: Dodged            |    43 |    62 |   116 ||   221
  Block: Buckler           |    23 |    34 |    84 ||   141
